 Dungeon Crawl Stone Soup version 0.25.1-2-g60ff931df9 (webtiles) character file.

Game seed: 9540336037504112120

53376 H0rd4k the Sharpshooter (level 15, 0/115 HPs)
             Began as a Human Artificer on Sept 8, 2020.
             Was an Initiate of Gozag.
             Slain by a guardian serpent (9 damage)
             ... on level 6 of the Lair of Beasts on Sept 9, 2020.
             The game lasted 01:03:44 (29589 turns).

H0rd4k the Sharpshooter (Human Artificer)          Turns: 29589, Time: 01:03:47

Health: 0/115      AC:  9    Str: 21    XL:     15   Next: 9%
Magic:  19/19      EV: 19    Int: 12    God:    Gozag
Gold:   2189       SH:  0    Dex: 25    Spells: 14/14 levels left

rFire    . . .     SeeInvis .   M - +8 arbalest "Tukuw" {flame, Dex+3}
rCold    . . .     Gourm    .   (shield currently unavailable)
rNeg     + . .     Faith    .   c - +1 ring mail of Space {rElec}
rPois    .         Spirit   .   m - +2 hat
rElec    +         Reflect  .   (no cloak)
rCorr    .         Harm     .   (no gloves)
MR       +....                  (no boots)
Stlth    ++++......             Z - amulet of Liuguiq {RegenMP rElec Str+6 Int-4}
HPRegen  0.29/turn              g - +6 ring of dexterity
MPRegen  0.41/turn              a - ring of Tauric {+Fly rN+ Int+3}

@: very slightly contaminated, studying Ice Magic
A: no striking features
a: Potion Petition, Call Merchant, Bribe Branch, Renounce Religion, Evoke Flight


You were on level 6 of the Lair of Beasts.
You worshipped Gozag.
Gozag was most pleased with you.
You were not hungry.

You visited 3 branches of the dungeon, and saw 17 of its levels.
You also visited: Ice Cave.

You collected 5552 gold pieces.
You spent 1944 gold pieces at shops.
You paid 1419 gold pieces to Gozag.

Inventory:

Hand Weapons
 o - a +1 dagger of venom
 v - a +2 falchion of holy wrath
 M - the +8 arbalest "Tukuw" (weapon) {flame, Dex+3}
   (You bought it in a shop on level 8 of the Dungeon)

   It causes projectiles fired from it to burn those they strike, causing extra
   injury to most foes and up to half again as much damage against particularly
   susceptible opponents.
   It affects your dexterity (+3).
Missiles
 w - 67 poisoned darts
 E - 7 atropa-tipped darts
 K - 8 silver boomerangs
 N - 76 bolts (quivered)
 O - 311 arrows
Armour
 c - the +1 ring mail of Space (worn) {rElec}
   (You found it on level 10 of the Dungeon)

   It insulates you from electricity.
 m - a +2 hat (worn)
Jewellery
 a - the ring of Tauric (right hand) {+Fly rN+ Int+3}
   (You bought it in a shop on level 8 of the Dungeon)

   [ring of flight]

   It affects your intelligence (+3).
   It protects you from negative energy.
   It lets you fly.
 b - the ring "Qyaqug" {rC+ MR+}
   (You found it in an ice cave)

   [ring of protection from cold]

   It protects you from cold.
   It affects your resistance to hostile enchantments.
 g - a +6 ring of dexterity (left hand)
 y - a +6 ring of strength
 Z - the amulet of Liuguiq (around neck) {RegenMP rElec Str+6 Int-4}
   (You bought it in a shop on level 8 of the Dungeon)

   [amulet of magic regeneration]

   It increases your magic regeneration.
   It affects your strength (+6).
   It affects your intelligence (-4).
   It insulates you from electricity.
Wands
 d - a wand of enslavement (13)
 e - a wand of random effects (35)
 q - a wand of polymorph (6)
 F - a wand of acid (7)
 H - a wand of clouds (5)
 P - a wand of disintegration (14)
Scrolls
 h - a scroll of blinking
 i - 4 scrolls of amnesia
 j - 5 scrolls of enchant armour
 l - 13 scrolls of teleportation
 n - 3 scrolls of remove curse
 p - 5 scrolls of identify
 u - a scroll of enchant weapon
 A - a scroll of holy word
 I - 3 scrolls of silence
 J - 2 scrolls of fog
 X - 3 scrolls of magic mapping
Potions
 k - 2 potions of stabbing
 r - 5 potions of curing
 s - 2 potions of haste
 t - a potion of ambrosia
 x - a potion of brilliance
 z - 7 potions of might
 B - 2 potions of magic
 G - a potion of mutation
 T - 2 potions of lignification
Books
 R - a manual of Ice Magic
Miscellaneous
 D - a phial of floods
 V - a tin of tremorstones (2/3)
Comestibles
 f - 26 rations


   Skills:
 + Level 9.9 Fighting
 + Level 9.7 Short Blades
 + Level 15.3 Crossbows
 + Level 0.8 Throwing
 - Level 8.4 Armour
 + Level 8.4 Dodging
 + Level 7.5 Stealth
 + Level 6.0 Evocations


You had 14 spell levels left.
You didn't know any spells.
Your spell library contained the following spells:

 Spells                   Type           Power        Failure   Level  Hunger
 Animate Skeleton         Necr           N/A          45%         1    ##.....
 Apportation              Tloc           #.....       45%         1    ##.....
 Corona                   Hex            #......      45%         1    ##.....
 Foxfire                  Conj/Fire      #...         45%         1    ##.....
 Summon Small Mammal      Summ           #...         45%         1    ##.....
 Ensorcelled Hibernation  Hex/Ice        #.....       58%         2    ###....
 Confusing Touch          Hex            #.......     83%         3    ####...
 Conjure Flame            Conj/Fire      #.......     83%         3    ####...
 Dazzling Flash           Conj/Hex       #.....       83%         3    ####...
 Inner Flame              Hex/Fire       #.......     83%         3    ####...
 Tukima's Dance           Hex            #.......     83%         3    ####...
 Sticky Flame             Conj/Fire      #.......     99%         4    #####..
 Fireball                 Conj/Fire      #.........   100%        5    ######.


Dungeon Overview and Level Annotations

Branches:
Dungeon (10/15)            Temple (1/1) D:5            Lair (6/6) D:8
 Shoals (0/4) Lair:4       Spider (0/4) Lair:4        Slime (0/5) Lair:5
  IceCv (visited)
    Orc: D:9-12

Altars:
Ashenzari
Cheibriados
Dithmenos
Elyvilon
Fedhas
Gozag
Hepliaklqana
Kikubaaqudgha
Nemelex Xobeh
Okawaru
Qazlal
Ru
Sif Muna
Trog
Uskayaw
Vehumet
Wu Jian
Xom
Yredelemnul
Zin
The Shining One

Shops:
D:8 =(*

Annotations:
D:6 exclusion: bullfrog
D:9 exclusion: 2 downstairs


Message History

Unknown command.
Firing (i - inventory. (/) - cycle)
N - 78 bolts (quivered)
Press: ? - help, Shift-Dir - straight line, f/p - guardian serpent
Aim: a guardian serpent You shoot a bolt.
The bolt hits the guardian serpent.
The bolt burns the guardian serpent.
The guardian serpent is lightly wounded.
The guardian serpent casts a spell at you.
The bolt of poison misses you.
The guardian serpent completely misses you.
Firing (i - inventory. (/) - cycle)
N - 77 bolts (quivered)
Press: ? - help, Shift-Dir - straight line, f/p - guardian serpent
Aim: a guardian serpent (lightly wounded)
You shoot a bolt.
The bolt barely misses the guardian serpent.
The guardian serpent hits you!!
* * * LOW HITPOINT WARNING * * *
The guardian serpent hits you!
You die...
Your body crumbles into a pile of gold.

##[.######....###......#.........
.......##..##...###..............
..##..####$.##....###............
.##...#..#(..##.....#...........P
##...##..##.$.##.................
#....#....#.$..##....<.........P.
....##....##...(##.P.............
....#......#...$$##.......#......
...##......##...@##............P#
...#..P..P..#....S.............##
.PP#.P......#..................#
#.)..P#..)...........##........#
##..#####.....................###
#..### ##.....................###
##..P###......................##.
##................#...(......##.
##.##..........##.#.........##.


You could see a guardian serpent.

Vanquished Creatures
  4 hydras
  A two-headed ogre (D:10)
  2 catoblepae
  6 death yaks
  2 ugly things (IceCv)
  A wolf spider (Lair:6)
  3 ice statues (IceCv)
  A merfolk siren (Lair:4)
  6 elephants
  13 black mambas
  13 spiny frogs
  A rime drake (Lair:2)
  13 komodo dragons
  A queen bee (Lair:2)
  2 jumping spiders (Lair:4)
  A troll (D:10)
  12 polar bears
  3 hornets (Lair:6)
  A hippogriff (Lair:1)
  3 slime creatures (Lair:5)
  11 blink frogs
  3 redbacks
  9 wyverns
  23 yaks
  5 basilisks
  2 steam dragons
  A hungry ghost (D:9)
  4 wargs (Lair:6)
  17 hell hounds (Lair:6)
  26 water moccasins
  11 porcupines
  3 sky beasts
  2 orc warriors
  8 ice beasts
  An eye of draining (D:10)
  4 ogres
  12 black bears
  A necrophage (D:10)
  22 wolves
  7 centaurs
  11 crocodiles
  2 big kobolds
  8 bullfrogs
  A wyvern skeleton (D:8)
  A water moccasin skeleton (D:4)
  2 scorpions
  23 killer bees (Lair:2)
  3 howler monkeys
  5 crimson imps
  3 centaur zombies
  7 hounds
  5 jellies
  5 orc priests
  2 bullfrog skeletons
  An iron imp (D:6)
  2 centaur skeletons
  10 orc wizards
  10 worker ants
  3 iguanas
  A hound zombie (D:8)
  A hound skeleton (D:10)
  A howler monkey zombie (D:5)
  10 gnolls
  A howler monkey skeleton (D:4)
  9 adders
  A shadow imp (D:6)
  12 white imps (Lair:3)
  2 oozes
  4 adder skeletons
  2 worms
  3 dart slugs (D:1)
  3 leopard geckos
  40 orcs
  A ball python (D:4)
  8 giant cockroaches
  12 goblins
  6 hobgoblins
  7 jackals
  4 quokkas
  8 bats
  5 frilled lizards
  18 kobolds
  5 rats
  A fungus (Lair:5)
  6 plants
536 creatures vanquished.

Vanquished Creatures (collateral kills)
  A hippogriff (Lair:1)
  3 yaks (Lair:1)
  An orc priest (D:10)
5 creatures vanquished.

Vanquished Creatures (others)
  2 yaks (Lair:1)
  A bullfrog (D:10)
  An orc priest (D:10)
  3 fungi (Lair:6)
  25 plants (Lair:6)
32 creatures vanquished.

Grand Total: 573 creatures vanquished

Notes
Turn   | Place    | Note
-------+----------+-------------------------------------------
     0 | D:1      | H0rd4k the Human Artificer began the quest for the Orb.
     0 | D:1      | Reached XP level 1. HP: 15/15 MP: 3/3
   304 | D:1      | Reached XP level 2. HP: 14/21 MP: 4/4
   767 | D:1      | Reached XP level 3. HP: 23/26 MP: 5/5
  1600 | D:2      | Reached XP level 4. HP: 17/32 MP: 6/6
  1870 | D:2      | Reached skill level 1 in Armour
  2407 | D:3      | Found a shattered altar of Ashenzari.
  2461 | D:3      | Reached XP level 5. HP: 32/37 MP: 7/7
  2642 | D:3      | Found an iron altar of Okawaru.
  3376 | D:4      | Found a shadowy altar of Dithmenos.
  3482 | D:4      | Reached XP level 6. HP: 41/44 MP: 8/8
  3997 | D:4      | Reached XP level 7. HP: 50/50 MP: 9/9
  4690 | D:5      | Entered Level 5 of the Dungeon
  4945 | D:5      | Found a staircase to the Ecumenical Temple.
  5110 | D:5      | Reached XP level 8. HP: 39/58 MP: 10/10
  6195 | D:6      | Reached skill level 5 in Armour
  6242 | D:6      | Reached skill level 5 in Short Blades
  6319 | Temple   | Entered the Ecumenical Temple
  6388 | Temple   | Became a worshipper of Gozag Ym Sagoz the Greedy
  6938 | D:6      | Reached XP level 9. HP: 42/65 MP: 11/11
  7292 | D:6      | Found a snail-covered altar of Cheibriados.
  8447 | D:7      | Found a shimmering altar of Xom.
  8447 | D:7      | Found a shimmering altar of Xom.
  8448 | D:7      | Found a shimmering altar of Xom.
  8684 | D:7      | Found a radiant altar of Vehumet.
  8863 | D:7      | Found a shimmering altar of Xom.
  8865 | D:7      | Found a shimmering altar of Xom.
  9214 | D:7      | Found a shimmering altar of Xom.
  9216 | D:7      | Found a shimmering altar of Xom.
  9220 | D:7      | Got a smoking robe
  9437 | D:8      | Found a snail-covered altar of Cheibriados.
  9838 | D:8      | Found Ypruoxzo's General Store.
  9872 | D:8      | Bought a scroll of identify for 26 gold pieces
  9872 | D:8      | Bought a scroll of remove curse for 39 gold pieces
  9898 | D:8      | Found a staircase to the Lair.
  9909 | D:8      | Found an ancient bone altar of Kikubaaqudgha.
  9928 | D:8      | Reached XP level 10. HP: 36/73 MP: 12/12
 10797 | D:8      | Reached skill level 5 in Fighting
 11340 | D:8      | Identified the cursed +0 robe "Laoch" {rElec MR+ rCorr}
                  | (You found it on level 7 of the Dungeon)
 12287 | D:9      | Reached skill level 5 in Dodging
 12551 | D:9      | Found a shimmering blue altar of Sif Muna.
 12943 | D:10     | Entered Level 10 of the Dungeon
 14169 | D:10     | Noticed a two-headed ogre
 14276 | D:10     | Killed a two-headed ogre
 14276 | D:10     | Reached XP level 11. HP: 81/81 MP: 14/14
 14788 | D:10     | Reached skill level 5 in Stealth
 15324 | D:10     | Got a heavily runed ring mail
 15335 | D:10     | Identified the +1 ring mail of Space {rElec} (You found it
                  | on level 10 of the Dungeon)
 15443 | Lair:1   | Entered Level 1 of the Lair of Beasts
 15812 | D:8      | Bought the +8 arbalest "Tukuw" {flame, Dex+3} for 798 gold
                  | pieces
 17433 | Lair:1   | Reached skill level 1 in Crossbows
 17464 | Lair:1   | Reached skill level 2 in Crossbows
 18101 | Lair:2   | Reached skill level 5 in Evocations
 18107 | Lair:2   | Reached skill level 3 in Crossbows
 18508 | Lair:2   | Reached skill level 4 in Crossbows
 18555 | Lair:2   | Reached XP level 12. HP: 89/89 MP: 15/15
 19574 | Lair:2   | Reached skill level 5 in Crossbows
 19859 | Lair:2   | Noticed an eight-headed hydra
 20586 | Lair:3   | Got a steaming dagger
 20622 | Lair:3   | Found a frozen archway.
 20699 | IceCv    | Entered an ice cave
 20712 | IceCv    | Identified the +4 dagger of Dissent {drain, *Drain rF++
                  | Int+3} (You found it on level 3 of the Lair of Beasts)
 20731 | IceCv    | Reached skill level 6 in Crossbows
 20771 | IceCv    | Got a twisted chain mail
 20782 | IceCv    | Identified the cursed +1 chain mail "Tinko" {rF+ rN+ Str-4}
                  | (You found it in an ice cave)
 21832 | IceCv    | Reached skill level 7 in Crossbows
 21884 | IceCv    | Got a shimmering wooden ring
 21905 | IceCv    | Identified the ring "Qyaqug" {rC+ MR+} (You found it in an
                  | ice cave)
 22792 | Lair:4   | Noticed a catoblepas
 22799 | Lair:4   | Killed a catoblepas
 22799 | Lair:4   | Reached skill level 8 in Crossbows
 22804 | Lair:4   | Reached XP level 13. HP: 98/98 MP: 17/17
 22924 | Lair:4   | Reached skill level 9 in Crossbows
 23308 | Lair:4   | Reached skill level 10 in Crossbows
 23461 | Lair:4   | Found a staircase to the Shoals.
 23712 | Lair:4   | Found a hole to the Spider Nest.
 23886 | Lair:5   | Reached skill level 11 in Crossbows
 24141 | Lair:5   | Found a staircase to the Slime Pits.
 24335 | Lair:5   | Noticed a five-headed hydra
 24337 | Lair:5   | Killed a five-headed hydra
 24352 | Lair:5   | Reached skill level 12 in Crossbows
 24788 | Lair:5   | Noticed a four-headed hydra
 24790 | Lair:5   | Killed a four-headed hydra
 24962 | Lair:2   | Killed an eight-headed hydra
 25111 | D:8      | Bought the amulet of Liuguiq {RegenMP rElec Str+6 Int-4}
                  | for 626 gold pieces
 25111 | D:8      | Bought the ring of Tauric {+Fly rN+ Int+3} for 455 gold
                  | pieces
 25630 | Lair:6   | Entered Level 6 of the Lair of Beasts
 25651 | Lair:6   | Noticed a seven-headed hydra
 25689 | Lair:5   | Killed a seven-headed hydra
 25689 | Lair:5   | Reached XP level 14. HP: 49/106 MP: 18/18
 26664 | Lair:6   | Reached skill level 13 in Crossbows
 27525 | Lair:6   | Reached skill level 14 in Crossbows
 28564 | Lair:6   | Reached skill level 15 in Crossbows
 29096 | Lair:6   | Reached XP level 15. HP: 83/115 MP: 19/19
 29589 | Lair:6   | Slain by a guardian serpent

Illustrated notes

Levels and vault maps discovered:
D:1:      scummos_arrival_simple_fountains, layout_basic,
          hangedman_abyss_or_decor_lesser_grid
D:2:      layout_basic, first_ration
D:3:      layout_basic, marbit_many_paths, ashenzari_altar_1
D:4:      layout_loops_corners, kennysheep_mini
D:5:      minmay_general_purpose_star, layout_basic, minmay_temple_entry_slanted
D:6:      layout_basic, slow_altar_2, lightli_corner_chamber
D:7:      layout_loops_ring, old_standard_altar, nicolae_xom_altar_mimics
D:8:      minmay_weird_star, layout_basic, lemuel_doored_altar,
          lair_entry_dummy, serial_shops, shop_coins, basic_altar
D:9:      layout_basic, basic_altar
D:10:     layout_layer_cave
Temple:   nicolae_temple_elliptical
Lair:1:   layout_big_grid, serial_bayou_shore_b, grunt_megastairs_4
Lair:2:   cheibrodos_lair_river_kwai, layout_cave_pods, special_room
          [special_room_bee], beast_lair_carwin_10, serial_bayou_shore_b
Lair:3:   layout_long_grid, portal_ice_cave_entry_imps,
          infiniplex_staircase_pool, serial_bayou_shore_b
Lair:4:   layout_regular_city, minmay_shoals_entry_lonely_mermaid,
          spider_nest_entry_a, beast_lair_carwin_7
Lair:5:   layout_regular_city, minmay_slime_entry_pillars, wad_woods_road_02,
          wad_woods_road_03
Lair:6:   hangedman_lair_tendril_chambers, layout_cave_shapes,
          hangedman_lair_caniforms_friends

Skill      XL: |  1  2  3  4  5  6  7  8  9 10 11 12 13 14 |
---------------+-------------------------------------------+-----
Short Blades   | 2 3 4 5 7 8 9 |  9.7
Armour         | 1 2 3 4 6 7 8 |  8.4
Fighting       | 2 3 4 5 6 7 8 9 |  9.9
Dodging        | 3 4 6 7 8 |  8.4
Stealth        | 2 4 6 7 |  7.5
Evocations     | 4 5 6 |  6.0
Crossbows      | 4 8 12 15 | 15.3
Throwing       | |  0.8

Action                   |  1- 3 |  4- 6 |  7- 9 | 10-12 | 13-15 || total
-------------------------+-------+-------+-------+-------+-------++-------
Melee: Short sword       |   138 |    36 |       |       |       ||   174
       Dagger            |       |   204 |   547 |   815 |       ||  1566
       Arbalest          |       |       |       |     1 |       ||     1
 Fire: Arbalest          |       |       |       |   143 |   564 ||   707
Throw: Boomerang         |       |       |       |     5 |       ||     5
Invok: Call Merchant     |       |       |       |     1 |     1 ||     2
 Abil: Evoke Flight      |       |       |       |       |     4 ||     4
       Stop Flying       |       |       |       |       |     1 ||     1
Evoke: Wand              |       |     4 |       |    44 |     3 ||    51
       Tin of tremorston |       |       |       |       |     1 ||     1
  Use: Potion            |       |     4 |       |     5 |     4 ||    13
       Scroll            |       |       |       |    22 |     5 ||    27
 Stab: Sleeping          |     1 |       |       |     7 |       ||     8
       Distracted        |       |       |     1 |     6 |       ||     7
       Paralysed         |       |       |       |     7 |       ||     7
  Eat: Chunk             |     2 |     8 |     5 |       |       ||    15
       Ration            |       |       |     4 |    13 |     6 ||    23
Armor: Leather armour    |    21 |       |       |       |       ||    21
       Scale mail        |     3 |    92 |   147 |    38 |       ||   280
       Robe              |       |       |       |    31 |       ||    31
       Ring mail         |       |       |       |    44 |    61 ||   105
Dodge: Dodged            |    65 |   108 |   208 |   395 |   246 ||  1022
Block: Other             |       |       |       |     1 |    11 ||    12
